 Dungeon Crawl Stone Soup version 0.27-a0-1140-g099f9bb0e8 (webtiles) character file.

Game seed: 1837169009062868747

84 Froggeryz the Firebug (level 4, -4/33 HPs)
             Began as a Draconian Fire Elementalist on May 9, 2021.
             Slain by an orc
             ... wielding a +0 flail
              (8 damage)
             ... on level 3 of the Dungeon.
             The game lasted 00:03:53 (2994 turns).

Froggeryz the Firebug (Draconian Fire Elementalist) Turns: 2994, Time: 00:03:54

Health: -4/33      AC:  5    Str:  9 (10) XL:     4   Next: 24%
Magic:  0/7        EV: 11    Int: 14 (17) God:
Gold:   97         SH:  0    Dex:  8 (11) Spells: 6/7 levels left

rFire    . . .     SeeInvis .   i - +1 hunting sling (vorpal)
rCold    . . .     Faith    .   (no shield)
rNeg     . . .     Spirit   .   (armour unavailable)
rPois    .         Reflect  .   (helmet restricted)
rElec    .         Harm     .   (no cloak)
rCorr    .         Rampage  .   (no gloves)
Will     .....                  (no boots)
Stlth    +.........             (no amulet)
HPRegen  0.11/turn              (no ring)
MPRegen  0.10/turn              (no ring)

@: invisible
A: AC +5, unfitting armour, cold-blooded
a: no special abilities


You were on level 3 of the Dungeon.
You visited 1 branch of the dungeon, and saw 3 of its levels.

You collected 97 gold pieces.

Inventory:

Hand Weapons
 b - a +0 short sword
 i - a +1 vorpal hunting sling (weapon)
Missiles
 j - 74 stones (quivered ammo)
Scrolls
 c - a scroll of holy word {unknown}
 d - 3 scrolls of identify {unknown}
 e - 3 scrolls of amnesia {unknown}
 f - a scroll of immolation {unknown}
 g - a scroll of summoning {unknown}
 h - a scroll of silence {unknown}
 k - a scroll of fear {unknown}
 m - 2 scrolls of noise {unknown}
 n - 2 scrolls of fog {unknown}


   Skills:
 - Level 1.7 Dodging
 - Level 1.7 Stealth
 - Level 2.0 Spellcasting
 - Level 1.1 Conjurations
 * Level 5.1 Fire Magic


You had 6 spell levels left.
You knew the following spells:

 Your Spells              Type           Power      Damage    Failure   Level
a - Foxfire               Conj/Fire      40%        2x1d6     7%          1

Your spell library contained the following spells:

 Spells                   Type           Power      Damage    Failure   Level
 Conjure Flame            Conj/Fire      10%        6-21      21%         3
 Inner Flame              Hex/Fire       8%         N/A       26%         3
 Sticky Flame             Conj/Fire      10%        2d3       54%         4
 Fireball                 Conj/Fire      5%         3d5       88%         5


Dungeon Overview and Level Annotations

Branches:
Dungeon (3/15)

Altars:
Yredelemnul


Innate Abilities, Weirdness & Mutations

Your plain brown scales are hard. (AC +5)
You cannot fit into any form of body armour.
You are cold-blooded and may be slowed by cold attacks.


Message History

You conjure some foxfire!
The foxfire hits the orc but does no damage.
The orc is moderately wounded.
The foxfire hits the orc but does no damage.
The orc is moderately wounded.
The orc hits you but does no damage. The orc barely misses you.
Casting: Foxfire (safe; 5% risk of failure)
Confirm with . or Enter, or press ? or * to list all spells.
You conjure some foxfire!
The foxfire hits the orc.
The orc is heavily wounded.
The foxfire hits the orc but does no damage.
The orc is moderately wounded.
The orc hits you with a +0 dagger. The orc hits you with a +0 flail.
Casting: Foxfire (safe; 5% risk of failure)
Confirm with . or Enter, or press ? or * to list all spells.
You conjure some foxfire!
The foxfire hits the orc.
The orc is almost dead.
The foxfire hits the orc but does no damage.
The orc is almost dead.
The orc hits you with a +0 dagger.
* * * LOW HITPOINT WARNING * * *
The orc hits you with a +0 flail.
* * * LOW HITPOINT WARNING * * *
Unknown command.
Casting: Foxfire (safe; 5% risk of failure)
Confirm with . or Enter, or press ? or * to list all spells.
You don't know that spell.
The foxfire hits the orc.
You kill the orc!
The foxfire hits the orc but does no damage.
The orc is moderately wounded.
It was a potion of degeneration.
There was something very wrong with that liquid.
You feel weakened.
You feel dopey.
You feel clumsy. The orc hits you with a +0 flail.
* * * LOW HITPOINT WARNING * * *
It was a potion of invisibility.
You fade into invisibility!
The orc hits you with a +0 flail!
You die...

...............#
......#.#..........#
..................##
...>#.....#.###...##########
.............###.).##.......#
....................##.#####.#
...............##.......### #.#
.................o.......).# #.#
................@####.####.# #.#
.................##.....##.# #.#
.................#.......#.# #.#
.................#.......#.# #.#
....................._.....###.#
.................#.......#..##.##
.................#.......#.......
.................##.....##...#..#
.................####.####...)..#


You could see an orc.

Vanquished Creatures
  An adder (D:2)
  A gnoll (D:1)
  A dart slug (D:1)
  An orc (D:3)
  5 bats
  6 endoplasms
  A giant cockroach (D:2)
  5 hobgoblins
  4 jackals (D:1)
  11 kobolds
  5 quokkas
  2 ball pythons
  5 frilled lizards (D:1)
  7 goblins
  A rat (D:2)
56 creatures vanquished.

Vanquished Creatures (others)
  118 foxfires
  6 plants (D:1)
124 creatures vanquished.

Grand Total: 180 creatures vanquished

Notes
Turn   | Place    | Note
-------+----------+-------------------------------------------
     0 | D:1      | Froggeryz the Draconian Fire Elementalist began the quest
                  | for the Orb.
     0 | D:1      | Reached XP level 1. HP: 14/14 MP: 3/3
   252 | D:1      | Reached XP level 2. HP: 15/20 MP: 3/5
   568 | D:1      | HP: 1/20 [gnoll/+0 flail (8)]
   569 | D:1      | Reached skill level 4 in Fire Magic
   597 | D:1      | Reached XP level 3. HP: 4/26 MP: 1/6
  1952 | D:2      | Reached skill level 5 in Fire Magic
  1952 | D:2      | Reached XP level 4. HP: 18/33 MP: 0/7
  2794 | D:3      | Found a basalt altar of Yredelemnul.
  2994 | D:3      | Slain by an orc

Illustrated notes

Levels and vault maps discovered:
D:1:      zelgadis_glass_arrival_large, layout_basic, minmay_crystal_room,
          minmay_lizard_king
D:2:      layout_basic
D:3:      layout_basic, old_standard_altar, chequers_serial_rivers_room_a,
          minivault_11, grunt_ministairs_2, st_stairs_2

Skill      XL: |  1  2  3 |
---------------+----------+-----
Fire Magic     | 4 5 |  5.1
Dodging        | |  1.7
Stealth        | |  1.7
Spellcasting   | |  2.0
Conjurations   | |  1.1

Action                   |  1- 3 |  4- 6 || total
-------------------------+-------+-------++-------
Melee: Short sword       |    41 |       ||    41
       Tailslap          |     6 |       ||     6
 Fire: Hunting sling     |       |    30 ||    30
 Cast: Foxfire           |    68 |    12 ||    80
  Use: Potion            |       |     2 ||     2
 Stab: Sleeping          |     1 |       ||     1
Armor: Skin              |    24 |     5 ||    29
Dodge: Dodged            |    46 |    16 ||    62

Table legend: (Time is in decaauts)
 A = Elapsed time spent in this place.
 B = Non-inter-level travel time spent in this place.
 C = Inter-level travel time spent in this place.
 D = Time resting spent in this place.
 E = Time spent auto-exploring this place.
 F = Levels seen in this place.
 G = Mean time per level.
                   A        B        C        D        E       F      G
               +--------+--------+--------+--------+--------+-----+--------+
         Total |   3002 |   2918 |     84 |    298 |   2176 |   3 | 1000.7 |
       Dungeon |   3002 |   2918 |     84 |    298 |   2176 |   3 | 1000.7 |
               +--------+--------+--------+--------+--------+-----+--------+

Top non-repeatable levels by time:
     D:1: 1559 daAuts
     D:2: 1211 daAuts
     D:3: 231 daAuts
